PL
DETROIT RENAISSANCE @ VANCOUVER GREY WOLVES
09/27/2023
 
TOP OF THE 1ST
Detroit Renaissance batting - Pitching for Vancouver Grey Wolves : LHP Allen Blair
Pitching: LHP Allen Blair
Batting: RHB Kyle Bywaters 0-0: Ball
1-0: Fly out, F7 (Flyball, 7M)
Batting: RHB Bernardo Herrera 0-0: Fly out, F8 (Flyball, 8LM)
Batting: RHB Eric D'Angle 0-0: Fly out, F4 (Popup, 34D)
Top of the 1st over - 0 run(s), 0 hit(s), 0 error(s), 0 left on base; Detroit 0 - Vancouver 0
BOTTOM OF THE 1ST
Vancouver Grey Wolves batting - Pitching for Detroit Renaissance : LHP Kyle Lewis
Pitching: LHP Kyle Lewis
Batting: RHB Danny Walsh 0-0: Ball
1-0: Foul Ball, location: 2F
1-1: Ball
2-1: Ball
3-1: Base on Balls
Batting: LHB David Hubbard 0-0: Ball
1-0: Called Strike
1-1: Ball
2-1: Fly out, F7 (Flyball, 7D)
Batting: RHB Ramón Cabral 0-0: Ball
1-0: Called Strike
1-1: Ball
2-1: SINGLE (Groundball, 34D)
Danny Walsh to second
Throwing error, E9
Danny Walsh scores
Ramón Cabral to second
Batting: LHB José Alonso 0-0: Ball
1-0: Ground out 4-3 (Groundball, 4)
Ramón Cabral to third
Batting: RHB Enrique Fuentes 0-0: Foul Ball, location: 2F
0-1: Fly out, F9 (Flyball, 9M)
Bottom of the 1st over - 1 run(s), 1 hit(s), 1 error(s), 1 left on base; Detroit 0 - Vancouver 1
TOP OF THE 2ND
Detroit Renaissance batting - Pitching for Vancouver Grey Wolves : LHP Allen Blair
Batting: LHB Juan González 0-0: Ball
1-0: Fly out, F9 (Flyball, 89M)
Batting: LHB Mike Silver 0-0: Ball
1-0: Called Strike
1-1: Foul Ball, location: 2F
1-2: Foul Ball, location: 2F
1-2: Strikes out swinging
Batting: RHB Lonnie Conrad 0-0: Ground out 6-3 (Groundball, 6M)
Top of the 2nd over - 0 run(s), 0 hit(s), 0 error(s), 0 left on base; Detroit 0 - Vancouver 1
BOTTOM OF THE 2ND
Vancouver Grey Wolves batting - Pitching for Detroit Renaissance : LHP Kyle Lewis
Batting: SHB Gregg Wagner 0-0: Called Strike
0-1: Ball
1-1: Swinging Strike
1-2: Strikes out looking
Batting: LHB Timmy Appeldoorn 0-0: Called Strike
0-1: Foul Ball, location: 2F
0-2: Strikes out looking
Batting: RHB Travis Newsome 0-0: Ball
1-0: Called Strike
1-1: Called Strike
1-2: Ball
2-2: Foul Ball, location: 2F
2-2: Strikes out swinging
Bottom of the 2nd over - 0 run(s), 0 hit(s), 0 error(s), 0 left on base; Detroit 0 - Vancouver 1
TOP OF THE 3RD
Detroit Renaissance batting - Pitching for Vancouver Grey Wolves : LHP Allen Blair
Batting: LHB Gregory Johnson 0-0: Ball
1-0: Fly out, F8 (Flyball, 8RM)
Batting: LHB Luis Rodríguez 0-0: Foul Ball, location: 2F
0-1: Ball
1-1: Ball
2-1: Fly out, F8 (Flyball, 8LM)
Batting: RHB Luis Rivas 0-0: Ball
1-0: Ground out 6-3 (Groundball, 6M)
Top of the 3rd over - 0 run(s), 0 hit(s), 0 error(s), 0 left on base; Detroit 0 - Vancouver 1
BOTTOM OF THE 3RD
Vancouver Grey Wolves batting - Pitching for Detroit Renaissance : LHP Kyle Lewis
Batting: LHB Héctor Cortéz 0-0: Called Strike
0-1: SINGLE (Groundball, 34D) (infield hit)
Batting: RHB Danny Walsh 0-0: Ball
1-0: Foul Ball, location: 2F
1-1: DOUBLE (Flyball, 89M)
Héctor Cortéz to third
Batting: LHB David Hubbard 0-0: Ball
1-0: Fly out, F4 (Line Drive, 4)
Batting: RHB Ramón Cabral 0-0: Called Strike
0-1: Ball
1-1: Foul Ball, location: 2F
1-2: Ball
2-2: Strikes out swinging
Batting: LHB José Alonso 0-0: Called Strike
0-1: Ball
1-1: Ball
2-1: Swinging Strike
2-2: Strikes out swinging
Bottom of the 3rd over - 0 run(s), 2 hit(s), 0 error(s), 2 left on base; Detroit 0 - Vancouver 1
TOP OF THE 4TH
Detroit Renaissance batting - Pitching for Vancouver Grey Wolves : LHP Allen Blair
Batting: RHB Kyle Bywaters 0-0: Ball
1-0: Called Strike
1-1: Ball
2-1: Ground out 4-3 (Groundball, 4)
Batting: RHB Bernardo Herrera 0-0: Called Strike
0-1: Swinging Strike
0-2: Ground out 6-3 (Groundball, 6)
Batting: RHB Eric D'Angle 0-0: Called Strike
0-1: Swinging Strike
0-2: Ball
1-2: SINGLE (Flyball, 7LS)
Batting: LHB Juan González 0-0: Foul Ball, location: 2F
0-1: Foul Ball, location: 2F
0-2: Ball
1-2: Ball
2-2: Ball
3-2: Foul Ball, location: 2F
3-2: DOUBLE (Line Drive, 7LM)
Eric D'Angle to third
Eric D'Angle scores
Batting: LHB Mike Silver 0-0: SINGLE (Groundball, 34D) (infield hit)
Juan González to third
Batting: RHB Lonnie Conrad 0-0: Ball
1-0: Fly out, F7 (Flyball, 7D)
Top of the 4th over - 1 run(s), 3 hit(s), 0 error(s), 2 left on base; Detroit 1 - Vancouver 1
BOTTOM OF THE 4TH
Vancouver Grey Wolves batting - Pitching for Detroit Renaissance : LHP Kyle Lewis
Batting: RHB Enrique Fuentes 0-0: Ball
1-0: SINGLE (Flyball, 78S)
Batting: SHB Gregg Wagner 0-0: Called Strike
0-1: Ball
1-1: 2-RUN HOME RUN (Flyball, 7D), Distance : 347 ft
Batting: LHB Timmy Appeldoorn 0-0: Ball
1-0: Ball
2-0: Ball
3-0: SINGLE (Line Drive, 3D)
Batting: RHB Travis Newsome 0-0: Foul Ball, location: 2F
0-1: Ball
1-1: Ball
2-1: DOUBLE (Line Drive, 7LM)
Timmy Appeldoorn to third
Batting: LHB Héctor Cortéz 0-0: Ball
1-0: Ball
2-0: Called Strike
2-1: Ball
3-1: Foul Ball, location: 2F
3-2: Base on Balls
Batting: RHB Danny Walsh 0-0: Ball
1-0: Ball
2-0: Ball
3-0: Base on Balls
Timmy Appeldoorn scores
Travis Newsome to third
Héctor Cortéz to second
Batting: LHB David Hubbard 0-0: Ball
1-0: Grounds into double play, U4-3 (Groundball, 4)
Travis Newsome scores
Héctor Cortéz to third
Batting: RHB Ramón Cabral 0-0: Foul Ball, location: 2F
0-1: Swinging Strike
0-2: Foul Ball, location: 2F
0-2: Ball
1-2: Fly out, F4 (Popup, 8RS)
Bottom of the 4th over - 4 run(s), 4 hit(s), 0 error(s), 1 left on base; Detroit 1 - Vancouver 5
TOP OF THE 5TH
Detroit Renaissance batting - Pitching for Vancouver Grey Wolves : LHP Allen Blair
Batting: LHB Gregory Johnson 0-0: Ball
1-0: Called Strike
1-1: Ball
2-1: Fly out, F5 (Popup, 5SF)
Batting: LHB Luis Rodríguez 0-0: Called Strike
0-1: Ground out 2-3 (Groundball, 25)
Batting: RHB Luis Rivas 0-0: Foul Ball, location: 2F
0-1: Ball
1-1: Foul Ball, location: 2F
1-2: Ball
2-2: Ground out 1-3 (Groundball, 13)
Top of the 5th over - 0 run(s), 0 hit(s), 0 error(s), 0 left on base; Detroit 1 - Vancouver 5
BOTTOM OF THE 5TH
Vancouver Grey Wolves batting - Pitching for Detroit Renaissance : LHP Kyle Lewis
Batting: LHB José Alonso 0-0: Ball
1-0: SINGLE (Line Drive, 4M)
Batting: RHB Enrique Fuentes 0-0: Ball
1-0: Foul Ball, location: 2F
1-1: Called Strike
1-2: Ball
2-2: Grounds into double play, 5-4-3 (Groundball, 56)
Batting: SHB Gregg Wagner 0-0: Ball
1-0: Fly out, F4 (Line Drive, 4)
Bottom of the 5th over - 0 run(s), 1 hit(s), 0 error(s), 0 left on base; Detroit 1 - Vancouver 5
TOP OF THE 6TH
Detroit Renaissance batting - Pitching for Vancouver Grey Wolves : LHP Allen Blair
Batting: RHB Kyle Bywaters 0-0: Called Strike
0-1: Ball
1-1: Foul Ball, location: 2F
1-2: Foul Ball, location: 2F
1-2: Ball
2-2: Strikes out looking
Batting: RHB Bernardo Herrera 0-0: Swinging Strike
0-1: Swinging Strike
0-2: Strikes out swinging
Batting: RHB Eric D'Angle 0-0: Foul Ball, location: 2F
0-1: Ball
1-1: Foul Ball, location: 2F
1-2: Foul Ball, location: 2F
1-2: Strikes out swinging
Top of the 6th over - 0 run(s), 0 hit(s), 0 error(s), 0 left on base; Detroit 1 - Vancouver 5
BOTTOM OF THE 6TH
Vancouver Grey Wolves batting - Pitching for Detroit Renaissance : LHP Kyle Lewis
Batting: LHB Timmy Appeldoorn 0-0: Fly out, F8 (Flyball, 8RM)
Batting: RHB Travis Newsome 0-0: Ball
1-0: Ball
2-0: Ball
3-0: Called Strike
3-1: Fly out, F4 (Popup, 3)
Batting: LHB Héctor Cortéz 0-0: Swinging Strike
0-1: Hit by Pitch
Batting: RHB Danny Walsh 0-0: Ball
1-0: SINGLE (Groundball, 4D) (infield hit)
Héctor Cortéz to second
Batting: LHB David Hubbard 0-0: Swinging Strike
0-1: Ball
1-1: Foul Ball, location: 2F
1-2: Ball
2-2: SINGLE (Groundball, 6MS) (infield hit)
Héctor Cortéz to third
Danny Walsh to second
Batting: RHB Ramón Cabral 0-0: Ball
1-0: Foul Ball, location: 2F
1-1: Ball
2-1: Foul Ball, location: 2F
2-2: Foul Ball, location: 2F
2-2: Strikes out swinging
Bottom of the 6th over - 0 run(s), 2 hit(s), 0 error(s), 3 left on base; Detroit 1 - Vancouver 5
TOP OF THE 7TH
Detroit Renaissance batting - Pitching for Vancouver Grey Wolves : LHP Allen Blair
Batting: LHB Juan González 0-0: Called Strike
0-1: Ball
1-1: Fly out, F7 (Flyball, 78M)
Batting: LHB Mike Silver 0-0: Ball
1-0: Ball
2-0: Called Strike
2-1: Called Strike
2-2: Foul Ball, location: 2F
2-2: Ground out U3 (Groundball, 3)
Batting: RHB Lonnie Conrad 0-0: Called Strike
0-1: Foul Ball, location: 2F
0-2: Foul Ball, location: 2F
0-2: SINGLE (Groundball, 56D)
Batting: LHB Gregory Johnson 0-0: SINGLE (Line Drive, 89S)
Lonnie Conrad to second
Runner from 2nd tries for 3rd, SAFE, throw made to third
Batting: LHB Luis Rodríguez 0-0: Ball
1-0: Fly out, F7 (Popup, 78S)
Top of the 7th over - 0 run(s), 2 hit(s), 0 error(s), 2 left on base; Detroit 1 - Vancouver 5
BOTTOM OF THE 7TH
Vancouver Grey Wolves batting - Pitching for Detroit Renaissance : LHP Kyle Lewis
Batting: LHB José Alonso 0-0: Ball
1-0: SINGLE (Groundball, 34D)
Pitching: LHP José Ortíz
Batting: RHB Enrique Fuentes 0-0: Ball
1-0: Called Strike
1-1: Grounds into double play, 6-4-3 (Groundball, 6)
Batting: SHB Gregg Wagner 0-0: Foul Ball, location: 2F
0-1: Ball
1-1: Foul Ball, location: 2F
1-2: Strikes out swinging
Bottom of the 7th over - 0 run(s), 1 hit(s), 0 error(s), 0 left on base; Detroit 1 - Vancouver 5
TOP OF THE 8TH
Detroit Renaissance batting - Pitching for Vancouver Grey Wolves : LHP Allen Blair
Batting: RHB Luis Rivas 0-0: Ball
1-0: Foul Ball, location: 2F
1-1: Foul Ball, location: 2F
1-2: Strikes out swinging
Batting: RHB Kyle Bywaters 0-0: Foul Ball, location: 2F
0-1: Foul Ball, location: 2F
0-2: Ball
1-2: Ball
2-2: Ball
3-2: Ground out 6-3 (Groundball, 6)
Batting: RHB Bernardo Herrera 0-0: Called Strike
0-1: Ground out 6-3 (Groundball, 6)
Top of the 8th over - 0 run(s), 0 hit(s), 0 error(s), 0 left on base; Detroit 1 - Vancouver 5
BOTTOM OF THE 8TH
Vancouver Grey Wolves batting - Pitching for Detroit Renaissance : LHP José Ortíz
Batting: LHB Timmy Appeldoorn 0-0: Hit by Pitch
Batting: RHB Travis Newsome 0-0: Fly out, F7 (Line Drive, 7M)
Batting: LHB Héctor Cortéz 0-0: Ball
1-0: Swinging Strike
1-1: Foul Ball, location: 2F
1-2: Ball
2-2: Foul Ball, location: 2F
2-2: Reached on error, E1 (Groundball, 13)
Timmy Appeldoorn to second
Batting: RHB Danny Walsh 0-0: Ball
1-0: Ball
2-0: Ball
3-0: Called Strike
3-1: Fly out, F7 (Flyball, 7M)
Batting: LHB David Hubbard 0-0: Called Strike
0-1: Ball
1-1: Swinging Strike
1-2: Fielders Choice at 2nd, U4 (Groundball, 4M)
Bottom of the 8th over - 0 run(s), 0 hit(s), 1 error(s), 2 left on base; Detroit 1 - Vancouver 5
TOP OF THE 9TH
Detroit Renaissance batting - Pitching for Vancouver Grey Wolves : LHP Allen Blair
Batting: RHB Eric D'Angle 0-0: Ball
1-0: Ball
2-0: Ground out 6-3 (Groundball, 6)
Batting: LHB Juan González 0-0: Called Strike
0-1: Ground out 1-3 (Groundball, 13S)
Batting: LHB Mike Silver 0-0: Ball
1-0: Called Strike
1-1: Swinging Strike
1-2: Ball
2-2: Foul Ball, location: 2F
2-2: Ground out 6-3 (Groundball, 6M)
Top of the 9th over - 0 run(s), 0 hit(s), 0 error(s), 0 left on base; Detroit 1 - Vancouver 5
This league is powered by Out of the Park Baseball, the baseball management simulation game for PC, Mac and Linux
Friday, July 8th, 2016 - OOTP Baseball 16.9 Build 39